 Dungeon Crawl Stone Soup version 0.23-a0-558-g30802b1 (webtiles) character file.

366 zishaf the Poker (level 6, -1/49 HPs)
             Began as a Merfolk Monk on Dec 12, 2018.
             Slain by an iguana (11 damage)
             ... on level 3 of the Dungeon.
             The game lasted 00:09:21 (5513 turns).

zishaf the Poker (Merfolk Monk)                     Turns: 5513, Time: 00:09:22

Health: -1/49      AC:  5    Str: 12    XL:     6   Next: 68%
Magic:  6/6        EV: 13    Int: 11    God:
Gold:   233        SH:  0    Dex: 16    Spells: 5/5 levels left

rFire    . . .     SeeInvis .   a - +0 spear
rCold    . . .     Gourm    +   (no shield)
rNeg     . . .     Faith    .   d - +0 ring mail
rPois    +         Spirit   .   (no helmet)
rElec    .         Reflect  .   (no cloak)
rCorr    .         Harm     .   (no gloves)
MR       .....                  (no boots)
Stlth    ++........             o - amulet of the gourmand
HPRegen  0.16/turn              k - ring of poison resistance
MPRegen  0.10/turn              (no ring)

@: no status effects
A: change form in water, swift swim, stealthy swim
a: no special abilities


You were on level 3 of the Dungeon.
You were not hungry.

You visited 1 branch of the dungeon, and saw 4 of its levels.

You collected 233 gold pieces.

Inventory:

Hand Weapons
 a - a +0 spear (weapon)
Missiles
 l - 3 tomahawks (quivered)
Armour
 b - a +0 robe
 d - a +0 ring mail (worn)
 m - a +0 chain mail
Jewellery
 k - a ring of poison resistance (left hand)
 o - an amulet of the gourmand (around neck)
Scrolls
 e - 2 scrolls of remove curse {unknown}
 f - 2 scrolls of magic mapping
 g - 2 scrolls of teleportation
 h - a scroll of fog {unknown}
 i - a scroll of enchant weapon {unknown}
 n - a scroll of immolation {unknown}
 p - 2 scrolls of identify {unknown}
Potions
 j - a potion of curing
Comestibles
 c - 5 rations


   Skills:
 + Level 4.6 Fighting
 + Level 6.2 Polearms
 * Level 1.6 Armour
 + Level 5.6 Dodging
 + Level 4.2 Stealth


You had 5 spell levels left.
You didn't know any spells.
Your spell library was empty.

Dungeon Overview and Level Annotations

Branches:
Dungeon (4/15)
 Temple: D:4-7

Altars:
Gozag
Makhleb
Okawaru

Annotations:
D:2 exclusion: downstairs
D:4 3 runed doors, Dowan; Duvessa; Sigmund; minmay's ghost, weakling OpHu


Message History

The iguana misses you.
You hit the iguana but do no damage.
The iguana is moderately wounded.
The iguana barely misses you.
You hit the iguana.
The iguana is heavily wounded.
You closely miss the iguana.
The iguana is heavily wounded.
The iguana bites you.
You hit the iguana but do no damage.
The iguana is heavily wounded.
The iguana bites you.
You hit the iguana.
The iguana is severely wounded.
The iguana bites you!
* * * LOW HITPOINT WARNING * * *
You closely miss the iguana.
The iguana is severely wounded.
The iguana bites you!
You die...

#.##...#.#############.##### ###.
#.##.#..## #........># #.
#.##.#.### #.###.###.# #.
#........# #.# #.# #.# #.
##....##.#########.###.# #.# #.
#.#.#.#.##............###.#####.
#.#...#.##.....##...####........
#.##..#.##....[.#...# #.........
##....##.##.....@#...###.........
#........##....l.#.........#####.
#.###.#.#####........###.### #.
#.###.#.# ####.###.#.....# #.
#.##..#.# #.###..<).#.# #.
#.##.##.# #.........#.# #.
#.......# #######..##.#####.
####.#################..##.##....
#.........##............##.###


You could see an iguana.

Vanquished Creatures
  A scorpion (D:3)
  A howler monkey (D:2)
  2 orc priests (D:3)
  A hound (D:4)
  An orc wizard (D:4)
  Ijyb (D:4)
  A worker ant (D:3)
  3 adders
  A dart slug (D:2)
  3 leopard geckos
  11 orcs
  3 bats
  3 giant cockroaches
  4 goblins
  6 hobgoblins
  9 jackals
  9 kobolds
  A quokka (D:3)
  4 frilled lizards
  A quokka skeleton (D:4)
  6 rats
72 creatures vanquished.

Notes
Turn   | Place    | Note
-------+----------+-------------------------------------------
     0 | D:1      | zishaf the Merfolk Monk began the quest for the Orb.
     0 | D:1      | Reached XP level 1. HP: 18/18 MP: 1/1
   415 | D:1      | Reached XP level 2. HP: 24/24 MP: 2/2
  1172 | D:2      | Found an iron altar of Okawaru.
  1187 | D:2      | Reached XP level 3. HP: 29/29 MP: 3/3
  1315 | D:2      | Reached skill level 5 in Polearms
  1315 | D:2      | Reached XP level 4. HP: 37/37 MP: 4/4
  1374 | D:2      | Found a burning altar of Makhleb.
  1376 | D:2      | Noticed a blizzard demon
  1836 | D:3      | Noticed an ogre
  1884 | D:3      | Reached skill level 5 in Dodging
  2174 | D:3      | Reached XP level 5. HP: 30/42 MP: 5/5
  3553 | D:4      | Found a runed gate.
  3553 | D:4      | Found a runed gate.
  3940 | D:4      | Reached skill level 1 in Armour
  3940 | D:4      | Reached XP level 6. HP: 24/49 MP: 6/6
  4105 | D:4      | Found a runed gate.
  4109 | D:4      | Noticed minmay's ghost (weakling OpHu)
  4123 | D:4      | Noticed Ijyb
  4125 | D:4      | Paralysed by Ijyb for 4 turns
  4137 | D:4      | Paralysed by Ijyb for 6 turns
  4164 | D:4      | Killed Ijyb
  4501 | D:3      | Reached skill level 6 in Polearms
  4755 | D:4      | Found an opulent altar of Gozag.
  5417 | D:4      | Noticed Sigmund
  5467 | D:4      | Noticed Dowan
  5470 | D:4      | Noticed Duvessa
  5513 | D:3      | Slain by an iguana

Vault maps used:
D:1:      sevenhm_arrival_forest_fort_small_6, minmay_misc_feat_square
D:2:      okawaru_trees_2, makhleb_altar_promises_db
D:3:      first_ration
D:4:      lemuel_zombie_altar_kikubaaqudgha, nicolae_gozag_seed_capital,
          ebering_ghost_rock_garden, uniq_sigmund, uniq_duvessa,
          uniq_crazy_yiuf_cottage, uniq_ijyb

Skill      XL: |  1  2  3  4  5  6 |
---------------+-------------------+-----
Polearms       | 5 6 |  6.2
Stealth        | 3 4 |  4.2
Fighting       | 4 |  4.6
Dodging        | 5 |  5.6
Armour         | 1 |  1.6

Action                   |  1- 3 |  4- 6 || total
-------------------------+-------+-------++-------
Melee: Spear             |   121 |   323 ||   444
Throw: Tomahawk          |       |     4 ||     4
  Use: Scroll            |       |     2 ||     2
       Potion            |       |     1 ||     1
 Stab: Sleeping          |     4 |     7 ||    11
       Distracted        |       |     1 ||     1
  Eat: Chunk             |     1 |    17 ||    18
       Ration            |       |     1 ||     1
Armor: Robe              |     2 |       ||     2
       Ring mail         |    29 |    59 ||    88
Dodge: Dodged            |    59 |   141 ||   200

Table legend:
 A = Non-vault XP
 B = Vault XP
 C = Vault XP percentage of total XP
 D = Non-vault monster count
 E = Vault monster count
 F = Vault count percentage of total count
                 A         B        C        D         E       F
            +---------+---------+-------+---------+---------+-------
      Total |     485 |      38 |   7.3 |      71 |       1 |   1.4
            +---------+---------+-------+---------+---------+-------
        D:1 |      30 |       0 |   0.0 |      16 |       0 |   0.0
        D:2 |      98 |       0 |   0.0 |      20 |       0 |   0.0
        D:3 |     257 |       0 |   0.0 |      29 |       0 |   0.0
        D:4 |     100 |      38 |  27.5 |       6 |       1 |  14.3
            +---------+---------+-------+---------+---------+-------
